 Dungeon Crawl Stone Soup version 0.22-a0-553-g9358b0b (webtiles) character file.

63436 Amnesiac the Blocker (level 15, -1/81 HPs)
             Began as a Vine Stalker Fighter on June 25, 2018.
             Was an Initiate of Gozag.
             Slain by a vampire mage (5 damage)
             ... on level 1 of the Depths.
             The game lasted 00:34:37 (17080 turns).

Amnesiac the Blocker (Vine Stalker Fighter)        Turns: 17080, Time: 00:34:38

Health: -1/81      AC: 23    Str: 29    XL:     15   Next: 9%
Magic:  0/21       EV: 14    Int:  8    God:    Gozag
Gold:   4920       SH: 13    Dex: 15    Spells: 12/14 levels left

rFire    + . .     SeeInvis .   a - +4 dagger (elec)
rCold    + . .     Gourm    .   c - +0 shield
rNeg     . . .     Faith    .   I - +1 gold dragon scales
rPois    +         Spirit   +   g - +0 helmet
rElec    .         Reflect  .   p - scarf {repulsion}
rCorr    .         Harm     .   (no gloves)
MR       +....                  m - +0 pair of boots
Stlth    ..........             j - amulet of the acrobat (curse)
HPRegen  1.03/turn              y - +4 ring of evasion
MPRegen  0.17/turn              F - +5 ring of strength

@: gold aura, slowed, repel missiles, very slow
A: claws 1, fangs 3, yellow scales 1, regeneration 2, wild magic 1, magic
shield, antimagic bite, no potion heal 3, rot immunity
a: Potion Petition, Call Merchant, Bribe Branch, Renounce Religion


You were on level 1 of the Depths.
You worshipped Gozag.
Gozag was most pleased with you.
You were not hungry.

You visited 4 branches of the dungeon, and saw 18 of its levels.
You also visited: Labyrinth.

You collected 4987 gold pieces.
You paid 67 gold pieces to Gozag.

Inventory:

Hand Weapons
 a - a +4 dagger of electrocution (weapon)
 b - the +7 Singing Sword
   (You found it in a labyrinth)
Armour
 c - a +0 shield (worn)
 g - a +0 helmet (worn)
 m - a +0 pair of boots (worn)
 p - a scarf of repulsion (worn)
 I - +1 gold dragon scales (worn)
Jewellery
 i - a +3 ring of dexterity
 j - a cursed amulet of the acrobat (around neck)
 y - a +4 ring of evasion (left claw)
 F - a +5 ring of strength (right claw)
Wands
 l - a wand of enslavement (25)
 q - a wand of acid (10)
 r - a wand of flame (61)
 v - a wand of digging (9)
 x - a wand of disintegration (12)
 z - a wand of paralysis (22)
 A - a wand of iceblast (6)
Scrolls
 h - 2 scrolls of blinking {!r}
 n - 8 scrolls of identify {!r}
 o - a scroll of magic mapping {!r}
 s - 3 scrolls of fog {!r}
 t - 2 scrolls of teleportation {!r}
 C - a scroll of vulnerability {!r}
 E - 4 scrolls of remove curse {!r}
 H - 5 scrolls of amnesia {!r}
 J - a scroll of brand weapon {!r}
 K - a scroll of fear {!r}
Potions
 d - 2 potions of might {!q}
 e - a potion of haste {!q}
 k - 2 potions of brilliance {!q}
 u - 10 potions of curing {!q}
 w - a potion of berserk rage {!q}
 B - 2 potions of magic {!q}
 D - 3 potions of resistance {!q}
 L - 2 potions of mutation {!q}
Miscellaneous
 G - a box of beasts
Comestibles
 f - 23 rations


   Skills:
 * Level 10.9 Fighting
 - Level 8.0 Short Blades
 * Level 10.2 Armour
 * Level 10.1 Dodging
 - Level 8.0 Stealth
 * Level 10.9 Shields
 + Level 6.8 Evocations


You had 12 spell levels left.
You knew the following spells:

 Your Spells              Type           Power        Failure   Level  Hunger
b - Passwall              Tmut/Erth      #.......     100%        2    ###....

Your spell library contained the following spells:

 Spells                   Type           Power        Failure   Level  Hunger
 Magic Dart               Conj           #...         100%        1    ##.....
 Conjure Flame            Conj/Fire      #.......     100%        3    ####...
 Freezing Cloud           Conj/Ice/Air   #.........   100%        6    #######
 Mephitic Cloud           Conj/Pois/Air  #.......     100%        3    ####...
 Ring of Flames           Chrm/Fire      #.........   100%        7    #######
 Iskenderun's Mystic Bla  Conj           #.......     100%        4    #####..
 Stone Arrow              Conj/Erth      #.....       100%        3    ####...
 Lee's Rapid Deconstruct  Erth           #.........   100%        5    ######.
 Sandblast                Erth           #.....       100%        1    ##.....
 Petrify                  Tmut/Erth      #.......     100%        4    #####..
 Fulminant Prism          Conj/Hex       #.........   100%        4    #####..
 Dazzling Spray           Conj/Hex       #.....       100%        3    ####...
 Force Lance              Conj/Tloc      #.......     100%        4    #####..
 Searing Ray              Conj           #.....       100%        2    ###....
 Poisonous Vapours        Pois/Air       #.....       100%        2    ###....


Dungeon Overview and Level Annotations

Branches:
Dungeon (15/15)            Temple (1/1) D:6            Lair (1/6) D:9
    Orc (0/2) D:10         Vaults (0/5) D:13         Depths (1/5) D:15

Altars:
Ashenzari
Cheibriados
Dithmenos
Elyvilon
Fedhas
Gozag
Hepliaklqana
Kikubaaqudgha
Makhleb
Nemelex Xobeh
Okawaru
Qazlal
Ru
Sif Muna
Trog
Uskayaw
Vehumet
Wu Jian
Xom
Yredelemnul
Zin
The Shining One


Innate Abilities, Weirdness & Mutations

You have razor-sharp teeth.
You heal very quickly.
When hurt, damage is shared between your health and your magic reserves.
Your bite disrupts and absorbs the magic of your enemies.
Potions cannot restore your health.
You are immune to rotting.
You have sharp fingernails.
You are partially covered in yellow scales. (AC +2)
Your spells are a little harder to cast, but a little more powerful.


Message History

* * * LOW HITPOINT WARNING * * *
The freezing wraith hits you but does no damage.
The vampire mage casts a spell.
The vampire mage flickers and vanishes!
Deactivating autopickup; reactivate with Ctrl-A.
You completely miss something. You bite something. You drain its magic.
You feel invigorated. The freezing wraith closely misses you.
The freezing wraith hits you.
* * * LOW HITPOINT WARNING * * *
The freezing wraith drains your vigour!
You feel as though you will be slow longer.
You block the wight's attack.
Unholy energy fills the air.
* * * LOW HITPOINT WARNING * * *
You hit something. You bite something. You drain its magic.
You feel invigorated. The freezing wraith barely misses you.
The freezing wraith hits you!
* * * LOW HITPOINT WARNING * * *
The freezing wraith drains your vigour!
You feel as though you will be slow longer.
You block the wight's attack. Something hits you but does no damage.
Something bites you but does no damage.
Okay, then. [a] - 0 gold - resistance and agility [b] - 0 gold - heal wounds and curing [c] - 0 gold - haste, agility and flight Purchase which effect?
You feel much better.
You feel better.
The freezing wraith hits you but does no damage.
You block the freezing wraith's attack. You block the wight's attack.
The freezing wraith hits you but does no damage.
The freezing wraith completely misses you.
Something hits you.
* * * LOW HITPOINT WARNING * * *
Something bites you but does no damage. Something hits you but does no damage.
Something misses you.
Put on which piece of jewellery? (? for menu, Esc to quit)
Okay, then.
The wight is distracted by the nearby gold.
Evoke which item? (* to show all) (? for menu, Esc to quit)
Okay, then.
Evoke which item? (* to show all) (? for menu, Esc to quit)
Aiming: Corrosive Bolt
Press: ? - help, Shift-Dir - straight line, f - wight
Aim: a wight, wielding an enchanted great sword and wearing a robe (hasn't noticed you, summoned)
The bolt of acid hits something.
The acid corrodes something!
The bolt of acid hits the wight.
The wight is splashed with acid.
The acid corrodes the wight!
You destroy the wight!
Unholy energy fills the air.
* * * LOW HITPOINT WARNING * * *
Evoke which item? (* to show all) (? for menu, Esc to quit)
Aiming: Corrosive Bolt
Press: ? - help, Shift-Dir - straight line, f - freezing wraith
Aim: a freezing wraith (summoned)
The bolt of acid hits something.
The acid corrodes something!
The bolt of acid hits the freezing wraith.
The freezing wraith is splashed with acid.
The acid corrodes the freezing wraith!
The freezing wraith is heavily damaged.
Unholy energy fills the air.
* * * LOW HITPOINT WARNING * * *
Something hits you but does no damage. Something bites you.
You die...
Your body crumbles into a pile of gold.

#((.......P# #.(......PP+
#((.......P# .?≈
#######.(.......P#...≈
......((.........#.... $
.........W####...#.... $$
########.$# #...#.... $$
#######..####...#... $
.........ZW.@...#
...............P#############
#######...###..PP............
###.# #................ #.#
#........(.......
.#.###................
.§.......#####........
.........# #........
.........# #.#####..


You could see a freezing wraith and a glowing shapeshifter simulacrum.

Vanquished Creatures
  Gastronok (D:11)
  A fire giant (Depths:1)
  2 stone giants (Depths:1)
  A minotaur (Lab)
  2 fire dragons
  4 vault guards (D:13)
  3 hydras
  A death knight (D:15)
  Erica (D:10)
  7 centaur warriors
  7 two-headed ogres
  A deep troll shaman (Depths:1)
  A tengu warrior (Depths:1)
  Urug (D:11)
  A fire crab (D:10)
  3 iron trolls (Depths:1)
  A wizard (D:15)
  4 skeletal warriors
  10 ugly things
  4 deep elf magi
  A necromancer (D:15)
  An orc sorcerer (D:15)
  3 cyclopes
  A gargoyle (D:15)
  Joseph (D:7)
  A kobold demonologist (D:14)
  2 komodo dragons
  5 yaktaurs (Depths:1)
  An efreet (D:15)
  2 tengu conjurers
  A troll (D:13)
  A queen bee (D:13)
  3 meliai (D:13)
  A wolf spider simulacrum (D:15)
  A hornet (D:15)
  5 hippogriffs
  A shadow (D:14)
  6 redbacks (D:14)
  A water elemental (D:15)
  A human (D:12)
  A basilisk (D:14)
  2 hogs (D:12)
  20 yaks
  6 wraiths
  3 wyverns
  A vampire (D:12)
  2 fire bats (D:10)
  A steam dragon (D:11)
  A human (shapeshifter) (D:14)
  A fire elemental (D:10)
  8 vampire mosquitoes
  Grum (D:11)
  A hungry ghost (D:14)
  Edmund (D:4)
  A soldier ant (D:13)
  Duvessa (D:7)
  A hell hound (D:10)
  A meliai simulacrum (D:15)
  2 sky beasts
  6 orc warriors
  A swamp drake (D:10)
  5 phantoms
  5 ice beasts
  A necrophage (D:14)
  10 ogres
  3 eyes of draining
  3 wolves (D:11)
  15 centaurs
  A crocodile (D:13)
  6 big kobolds
  11 bullfrogs
  A gnoll sergeant (D:9)
  A wyvern zombie (D:14)
  A wyvern skeleton (D:12)
  Dowan (D:7)
  A scorpion (D:7)
  25 killer bees
  A water moccasin skeleton (D:6)
  A spriggan skeleton (Lab)
  5 howler monkeys
  22 wights
  2 troll skeletons (Lab)
  5 centaur zombies
  6 crimson imps
  A bullfrog zombie (D:10)
  5 centaur skeletons
  11 hounds
  3 jellies
  20 orc wizards
  14 orc priests
  2 bullfrog skeletons
  9 worker ants
  An ogre skeleton (Lab)
  2 hound skeletons
  A worker ant zombie (D:10)
  Robin (D:4)
  14 gnolls
  10 adders
  7 shadow imps
  A worm (D:2)
  6 leopard geckos
  49 orcs
  8 bats
  8 giant cockroaches
  18 goblins
  16 hobgoblins
  12 jackals
  20 kobolds
  3 quokkas
  3 ball pythons
  10 frilled lizards
  A leopard gecko skeleton (D:5)
  4 rats
549 creatures vanquished.

Vanquished Creatures (others)
  A jelly (D:15)
  An orc (D:10)
2 creatures vanquished.

Grand Total: 551 creatures vanquished

Notes
Turn   | Place    | Note
-------+----------+-------------------------------------------
     0 | D:1      | Amnesiac the Vine Stalker Fighter began the quest for the Orb.
     0 | D:1      | Reached XP level 1. HP: 11/11 MP: 2/2
    71 | D:1      | Reached XP level 2. HP: 1/16 MP: 3/3
   318 | D:2      | Found a shattered altar of Ashenzari.
   379 | D:2      | Reached XP level 3. HP: 15/19 MP: 4/4
   493 | D:2      | Found an iron altar of Okawaru.
   587 | D:3      | You fall through a shaft for 2 floors!
   587 | D:5      | Entered Level 5 of the Dungeon
   621 | D:5      | Noticed a sky beast
   626 | D:5      | Noticed a centaur
   693 | D:6      | Found an iron altar of Okawaru.
   697 | D:6      | Found a sacrificial altar of Ru.
   724 | D:6      | Gained mutation: Your natural rate of healing is unusually fast. [Vine Stalker growth]
   724 | D:6      | Reached XP level 4. HP: 19/23 MP: 5/5
   816 | D:6      | Reached XP level 5. HP: 22/27 MP: 3/6
   900 | D:6      | Killed a sky beast
   900 | D:6      | Reached skill level 5 in Short Blades
   953 | D:6      | Reached XP level 6. HP: 32/32 MP: 7/7
  1107 | D:6      | Found a staircase to the Ecumenical Temple.
  1129 | Temple   | Entered the Ecumenical Temple
  1401 | D:6      | Found a deep blue altar of Sif Muna.
  1502 | D:6      | Noticed a phantom
  1520 | D:6      | Killed a phantom
  1520 | D:6      | Reached XP level 7. HP: 18/35 MP: 8/8
  1864 | Temple   | Became a worshipper of Gozag Ym Sagoz the Greedy
  2015 | D:4      | Reached skill level 1 in Dodging
  2019 | D:4      | Gained mutation: You have razor-sharp teeth. [Vine Stalker growth]
  2019 | D:4      | Reached XP level 8. HP: 39/39 MP: 9/9
  2024 | D:4      | Noticed Robin
  2041 | D:4      | Killed Robin
  2451 | D:4      | Noticed Edmund
  2464 | D:4      | Killed Edmund
  4381 | D:3      | Found a deep blue altar of Sif Muna.
  4558 | D:5      | Reached skill level 1 in Stealth
  4825 | D:5      | Found the +4 robe of Augmentation {Str+4 Int+4 Dex+4}
  4834 | D:5      | Found a shadowy altar of Dithmenos.
  4836 | D:5      | Found a burning altar of Makhleb.
  4837 | D:5      | Found an ancient bone altar of Kikubaaqudgha.
  4837 | D:5      | Found a radiant altar of Vehumet.
  5198 | D:7      | Reached XP level 9. HP: 33/45 MP: 8/10
  5411 | D:7      | Gained mutation: You tend to lose your temper in combat. [potion of mutation]
  5411 | D:7      | Gained mutation: Your body sometimes deteriorates upon taking damage. [potion of mutation]
  5411 | D:7      | Gained mutation: Your body often deteriorates upon taking damage. [potion of mutation]
  5411 | D:7      | Gained mutation: Your spells are a little harder to cast, but a little more powerful. [potion of mutation]
  5515 | D:7      | Noticed Joseph
  5534 | D:7      | Killed Joseph
  5628 | D:7      | Noticed Dowan
  5630 | D:7      | Noticed Duvessa
  5643 | D:7      | Killed Dowan
  5660 | D:7      | Killed Duvessa
  5672 | D:7      | Found a sparkling altar of Nemelex Xobeh.
  5848 | D:7      | Found a white marble altar of Elyvilon.
  5850 | D:7      | Found a glowing silver altar of Zin.
  5851 | D:7      | Found a glowing golden altar of the Shining One.
  6070 | D:8      | Reached skill level 5 in Shields
  6112 | D:8      | Got a faintly glowing flail
  6209 | D:8      | Reached skill level 5 in Fighting
  6692 | D:8      | Reached XP level 10. HP: 45/51 MP: 9/11
  6902 | D:8      | Reached skill level 1 in Evocations
  7241 | D:9      | Reached skill level 5 in Armour
  7241 | D:9      | Reached skill level 5 in Dodging
  7336 | D:9      | Found a staircase to the Lair.
  7602 | D:9      | Got a warped leather armour
  7690 | D:9      | Noticed a two-headed ogre
  7699 | D:9      | Killed a two-headed ogre
  7699 | D:9      | Reached skill level 5 in Stealth
  8015 | Lair:1   | Entered Level 1 of the Lair of Beasts
  8041 | D:10     | Entered Level 10 of the Dungeon
  8149 | D:10     | Noticed Erica
  8162 | D:10     | Killed Erica
  8162 | D:10     | Reached XP level 11. HP: 57/57 MP: 13/13
  8202 | D:10     | Noticed a two-headed ogre
  8260 | D:10     | Killed a two-headed ogre
  8353 | D:10     | Found a transporter.
  8353 | D:10     | Noticed a fire crab
  8448 | D:10     | Found a transporter.
  8716 | D:10     | Noticed a two-headed ogre
  8748 | D:10     | Killed a two-headed ogre
  8764 | D:10     | Found a staircase to the Orcish Mines.
  9182 | D:10     | Killed a fire crab
  9352 | D:11     | Noticed Urug
  9409 | D:11     | Killed Urug
  9580 | D:11     | Noticed Grum
  9591 | D:11     | Killed Grum
  9635 | D:11     | Gained mutation: You heal very quickly. [Vine Stalker growth]
  9635 | D:11     | Reached XP level 12. HP: 63/63 MP: 15/15
  9828 | D:11     | Noticed Gastronok
  9847 | D:11     | Killed Gastronok
 10013 | D:11     | Noticed a fire dragon
 10040 | D:11     | Killed a fire dragon
 10645 | D:12     | Found a sacrificial altar of Ru.
 10763 | D:12     | Lost mutation: Your body often deteriorates upon taking damage. [potion of mutation]
 10763 | D:12     | Lost mutation: You tend to lose your temper in combat. [potion of mutation]
 10763 | D:12     | Lost mutation: Your body sometimes deteriorates upon taking damage. [potion of mutation]
 10763 | D:12     | Gained mutation: You have sharp fingernails. [potion of mutation]
 10763 | D:12     | Gained mutation: You are partially covered in yellow scales. (AC +2) [potion of mutation]
 11170 | D:13     | Found a gate to the Vaults.
 11170 | D:13     | Noticed a centaur warrior
 11170 | D:13     | Noticed a vault guard
 11170 | D:13     | Noticed a vault guard
 11170 | D:13     | Noticed a vault guard
 11173 | D:13     | Noticed a vault guard
 11189 | D:13     | Killed a centaur warrior
 11223 | D:13     | Killed a vault guard
 11241 | D:13     | Killed a vault guard
 11241 | D:13     | Reached XP level 13. HP: 34/69 MP: 10/17
 11269 | D:13     | Killed a vault guard
 11289 | D:13     | Killed a vault guard
 11368 | D:13     | Reached skill level 5 in Evocations
 12495 | D:14     | Found a labyrinth entrance.
 12501 | Lab      | Entered a labyrinth
 14833 | Lab      | Noticed a minotaur
 14848 | Lab      | Killed a minotaur
 14855 | Lab      | Found the +7 Singing Sword
 15081 | D:14     | Reached XP level 14. HP: 39/76 MP: 19/19
 15602 | D:14     | Reached skill level 10 in Shields
 15603 | D:14     | Reached skill level 10 in Fighting
 15775 | D:15     | Entered Level 15 of the Dungeon
 15912 | D:15     | Found a staircase to the Depths.
 16630 | Depths:1 | Entered Level 1 of the Depths
 16630 | Depths:1 | Noticed a stone giant
 16648 | Depths:1 | Killed a stone giant
 16764 | Depths:1 | Reached skill level 10 in Armour
 16806 | Depths:1 | Noticed an angel
 16811 | Depths:1 | Learned a level 2 spell: Passwall
 16848 | Depths:1 | Noticed a daeva
 16858 | Depths:1 | Noticed a stone giant
 16912 | Depths:1 | Reached skill level 10 in Dodging
 16919 | Depths:1 | Killed a stone giant
 16919 | Depths:1 | Reached XP level 15. HP: 20/81 MP: 10/21
 17036 | Depths:1 | Noticed a fire giant
 17055 | Depths:1 | Killed a fire giant
 17080 | Depths:1 | HP: 4/81 [something/vampiric draining (22)]
 17080 | Depths:1 | Slain by a vampire mage

Vault maps used:
D:1:      evilmike_arrival_home_sweet_home
D:2:      ashenzari_conservatory_becter, serial_aquarium,
          aquarium_bridge_square, aquarium_bridge_square, aquarium_window_fake,
          aquarium_window_fake, aquarium_view_2a, aquarium_pool_side,
          okawaru_trees_2
D:3:      lemuel_upstairs_altar
D:4:      uniq_robin, uniq_edmund
D:5:      chequers_temple_overflow_statue_of_worship, first_ration
D:6:      tgw_sif, grunt_temple_overflow_open, minmay_temple_entry_statues
D:7:      good_gods_temple_1, lemuel_doored_altar, uniq_joseph, uniq_duvessa
D:9:      kennysheep_housing_project, lair_entry_dummy
D:10:     gammafunk_cloud_chamber, erik_orc_1, uniq_erica
D:11:     small_chamber_with_monster, uniq_grum, uniq_urug, uniq_gastronok
D:12:     grunt_livestock, nicolae_ru_path_of_blood
D:13:     lightli_vaults_fourway_checkpoint, special_room,
          kennysheep_generic_room_2
D:14:     kennysheep_pointless_box, lab_entry_generic, st_stairs_11
D:15:     grunt_enter_depths_magical_seal, minmay_misc_feat_four_crosses,
          serial_bayou_pond_b, roderic_malta_cross
Temple:   dpeg_chambers_temple
Depths:1: enter_ziggurat_c, serial_glass, glass_columns_b, glass_columns_a,
          hangedman_geh_valley, horrible_house_mu
Lab:      labyrinth_mini_lab, nicolae_lab_diamond

Skill      XL: |  1  2  3  4  5  6  7  8  9 10 11 12 13 14 |
---------------+-------------------------------------------+-----
Short Blades   | 2 3 4 5 6 8 |  8.0
Dodging        | 1 3 4 5 6 7 9 10 | 10.1
Fighting       | 3 5 6 7 8 9 10 | 10.9
Shields        | 3 5 6 7 8 9 10 | 10.9
Stealth        | 2 4 5 6 8 |  8.0
Armour         | 3 4 5 6 8 9 10 | 10.2
Evocations     | 2 3 4 5 6 |  6.8

Action                   |  1- 3 |  4- 6 |  7- 9 | 10-12 | 13-15 || total
-------------------------+-------+-------+-------+-------+-------++-------
Melee: Rapier            |    83 |    95 |    37 |       |       ||   215
       Bite              |    26 |    26 |   161 |   309 |   521 ||  1043
       Dagger            |       |       |   460 |   829 |  1018 ||  2307
Invok: Potion Petition   |       |       |       |       |     1 ||     1
Evoke: Wand              |       |       |       |     1 |     2 ||     3
  Use: Scroll            |       |     1 |     9 |     8 |     6 ||    24
       Potion            |       |       |    11 |     2 |       ||    13
 Stab: Distracted        |       |       |     3 |     3 |     3 ||     9
       Sleeping          |       |       |     1 |       |       ||     1
       Confused          |       |       |       |     1 |       ||     1
  Eat: Chunk             |       |     2 |     2 |       |       ||     4
       Ration            |       |       |     6 |     3 |     6 ||    15
Armor: Scale mail        |    50 |    42 |    77 |       |       ||   169
       Robe              |       |       |     3 |       |       ||     3
       Gold dragon scale |       |       |    47 |   290 |   300 ||   637
Dodge: Dodged            |    23 |    31 |    97 |   114 |   346 ||   611
       Deflected         |       |       |     4 |     9 |    24 ||    37
Block: Shield            |    47 |    60 |   145 |   264 |   477 ||   993

Table legend:
 A = Spawn XP
 B = Non-spawn XP
 C = Spawn XP percentage of total XP
 D = Spawn monster count
 E = Non-spawn monster count
 F = Spawn count percentage of total count
 G = Total turns spent on level
                    A         B        C        D         E        F      G
               +---------+---------+-------+---------+---------+-------+---------
         Total |       0 |   90624 |   0.0 |       0 |     550 |   0.0 | 17080
               +---------+---------+-------+---------+---------+-------+---------
           D:1 |       0 |      39 |   0.0 |       0 |      23 |   0.0 |   959
           D:2 |       0 |      67 |   0.0 |       0 |      24 |   0.0 |   701
           D:3 |       0 |     116 |   0.0 |       0 |      20 |   0.0 |   597
           D:4 |       0 |     264 |   0.0 |       0 |      15 |   0.0 |   771
           D:5 |       0 |     780 |   0.0 |       0 |      24 |   0.0 |   820
           D:6 |       0 |    1016 |   0.0 |       0 |      28 |   0.0 |  1157
           D:7 |       0 |    1786 |   0.0 |       0 |      34 |   0.0 |   810
           D:8 |       0 |     753 |   0.0 |       0 |      14 |   0.0 |   989
           D:9 |       0 |    3141 |   0.0 |       0 |      48 |   0.0 |  1140
          D:10 |       0 |    8134 |   0.0 |       0 |      61 |   0.0 |  1241
          D:11 |       0 |    6316 |   0.0 |       0 |      36 |   0.0 |   872
          D:12 |       0 |    5931 |   0.0 |       0 |      38 |   0.0 |   868
          D:13 |       0 |   16247 |   0.0 |       0 |      61 |   0.0 |  1111
          D:14 |       0 |   14698 |   0.0 |       0 |      56 |   0.0 |  1201
          D:15 |       0 |   16523 |   0.0 |       0 |      44 |   0.0 |   855
        Temple |       0 |       3 |   0.0 |       0 |       1 |   0.0 |   180
      Depths:1 |       0 |   13446 |   0.0 |       0 |      18 |   0.0 |   450
           Lab |       0 |    1364 |   0.0 |       0 |       5 |   0.0 |  2356
               +---------+---------+-------+---------+---------+-------+---------
